 Dungeon Crawl Stone Soup version 0.21.1-1-g345015fe64 (webtiles) character file.

186 LilDood the Sneak (level 5, 0/24 HPs)
             Began as a Spriggan Enchanter on June 24, 2018.
             Succumbed to a kobold's poison
             ... on level 3 of the Dungeon.
             The game lasted 00:20:35 (3661 turns).

LilDood the Sneak (Spriggan Enchanter)              Turns: 3661, Time: 00:20:36

Health: 0/24       AC:  3    Str:  4    XL:     5   Next: 38%
Magic:  9/12       EV: 20    Int: 22    God:
Gold:   121        SH:  0    Dex: 17    Spells: 9/12 levels left

rFire    . . .     SeeInvis +   a - +1 dagger
rCold    . . .     Gourm    .   (shield restricted)
rNeg     + . .     Faith    .   b - +1 robe
rPois    .         Spirit   .   (helmet restricted)
rElec    .         Reflect  .   (no cloak)
rCorr    .         Harm     .   (gloves unavailable)
MR       .....                  (boots unavailable)
Stlth    +++.......             (no amulet)
HPRegen  0.08/turn              (no ring)
MPRegen  0.13/turn              o - ring of positive energy

@: brilliant, lethally poisoned (0 -> -26), very quick
A: very small, unfitting armour, see invisible, herbivore, speed 3, slow
metabolism 2
a: no special abilities


You were on level 3 of the Dungeon.
You were not hungry.

You visited 1 branch of the dungeon, and saw 3 of its levels.

You collected 121 gold pieces.

Inventory:

Hand Weapons
 a - a +1 dagger (weapon)
 h - a +0 dagger
 j - a +0 dagger
 r - a +0 dagger
Armour
 b - a +1 robe (worn)
Jewellery
 o - a ring of positive energy (right hand)
Wands
 t - a wand of paralysis (6)
Scrolls
 e - a scroll of teleportation {unknown}
 f - a scroll of fear {unknown}
 g - a scroll of enchant armour
 l - a scroll of magic mapping {unknown}
 m - a scroll of blinking
 n - 4 scrolls of remove curse
 q - 4 scrolls of identify
 s - 2 scrolls of amnesia {unknown}
Potions
 i - a potion of might
Books
 c - a book of Maledictions

   Spells                             Type                      Level
   a - Corona                         Hexes                        1
   b - Ensorcelled Hibernation        Hexes/Ice                    2
   c - Confuse                        Hexes                        3
   d - Tukima's Dance                 Hexes                        3
   e - Dazzling Spray                 Conjuration/Hexes            3
Comestibles
 d - 2 rations


   Skills:
 + Level 2.6 Short Blades
 + Level 4.5 Dodging
 + Level 5.8 Stealth
 + Level 4.0 Spellcasting
 + Level 4.6 Hexes


You had 9 spell levels left.
You knew the following spells:

 Your Spells              Type           Power        Failure   Level  Hunger
a - Corona                Hex            #####..      1%          1    None
b - Ensorcelled Hibernat  Hex/Ice        ####..       1%          2    #......


Dungeon Overview and Level Annotations

Branches:
Dungeon (3/15)

Altars:
Ashenzari
Cheibriados
Kikubaaqudgha
Nemelex Xobeh
Trog
Vehumet


Innate Abilities, Weirdness & Mutations

You are very small and have problems with some larger weapons.
You are too small for most types of armour.
You have supernaturally acute eyesight. (SInv)
You are a herbivore.
You cover ground extremely quickly.
You need consume almost no food.


Message History

The kobold hits you with a dagger of venom.
You are more poisoned.
You hit the kobold.
You kill the kobold!
Your Spellcasting skill increases to level 4!
* * * LOW HITPOINT WARNING * * *
You feel sick.
It was a potion of might.
You feel very mighty all of a sudden.
* * * LOW HITPOINT WARNING * * *
You feel sick.
It was a potion of cancellation.
Your magical effects are unravelling.
You feel magically purged.
You feel a little less mighty now.
* * * LOW HITPOINT WARNING * * *
You feel sick.
It was a potion of brilliance.
You feel clever all of a sudden.
You die...

####### ##
#........# #######
#.≈≈..≈≈.#
......#####.≈♣..♣≈.#
#####.#...#....?...#
........)##...(....#
..........#.≈♣.†♣≈.#
..^......##.≈≈..≈≈.#
...[.....##....)@..#
#.........####''####
#.###.####.#.#..###
............>.....#
#...#.####......#.#
###.#.# ########.#
<.....# #.......#
###.#######.########
....#.....#...>....#


There were no monsters in sight!

Vanquished Creatures
  Ijyb (D:3)
  Terence (D:3)
  5 adders
  An ooze (D:3)
  4 worms
  2 dart slugs (D:1)
  2 leopard geckos (D:2)
  6 orcs
  5 bats
  3 giant cockroaches
  9 goblins
  5 hobgoblins
  4 jackals (D:2)
  6 kobolds
  A quokka (D:2)
  4 frilled lizards
  A quokka skeleton (D:3)
  4 rats
64 creatures vanquished.

Notes
Turn   | Place    | Note
-------+----------+-------------------------------------------
     0 | D:1      | LilDood the Spriggan Enchanter began the quest for the Orb.
     0 | D:1      | Reached XP level 1. HP: 9/9 MP: 5/5
   263 | D:1      | Reached XP level 2. HP: 11/13 MP: 6/6
   995 | D:1      | Learned a level 2 spell: Ensorcelled Hibernation
  1540 | D:2      | Reached XP level 3. HP: 16/16 MP: 8/8
  1571 | D:2      | Reached skill level 5 in Stealth
  1945 | D:2      | Found a bloodstained altar of Trog.
  2203 | D:3      | Found a sparkling altar of Nemelex Xobeh.
  2203 | D:3      | Found a snail-covered altar of Cheibriados.
  2203 | D:3      | Found a shattered altar of Ashenzari.
  2204 | D:3      | Found an ancient bone altar of Kikubaaqudgha.
  2204 | D:3      | Found a radiant altar of Vehumet.
  2259 | D:2      | Reached XP level 4. HP: 11/21 MP: 2/10
  2597 | D:3      | Noticed Terence
  2868 | D:3      | Noticed Ijyb
  3016 | D:3      | Paralysed by Ijyb for 5 turns
  3028 | D:3      | Paralysed by Ijyb for 4 turns
  3033 | D:3      | Killed Ijyb
  3033 | D:3      | Reached XP level 5. HP: 16/24 MP: 7/11
  3620 | D:3      | Killed Terence
  3661 | D:3      | Succumbed to a kobold's poison

Skill      XL: |  1  2  3  4  5 |
---------------+----------------+-----
Spellcasting   | 3 4 |  4.0
Stealth        | 5 |  5.8
Hexes          | 4 |  4.6
Short Blades   | 2 |  2.6
Dodging        | 4 |  4.5

Action                   |  1- 3 |  4- 6 || total
-------------------------+-------+-------++-------
Melee: Dagger            |   195 |    48 ||   243
 Cast: Ensorcelled Hiber |    28 |    32 ||    60
  Use: Scroll            |     5 |       ||     5
       Potion            |       |     3 ||     3
 Stab: Sleeping          |    20 |    23 ||    43
       Distracted        |     2 |       ||     2
  Eat: Ration            |       |     2 ||     2
Armor: Robe              |    13 |     3 ||    16
Dodge: Dodged            |   180 |    29 ||   209
